 Dungeon Crawl Stone Soup version 0.16.2-12-gd0ad4c3 (webtiles) character file.

143 Kloppie the Sneak (level 5, -1/26 HPs)
             Began as a Vine Stalker Assassin on Oct 27, 2015.
             Slain by a gnoll
             ... wielding a +0 spear
              (4 damage)
             ... on level 2 of the Dungeon.
             The game lasted 00:04:33 (2014 turns).

Kloppie the Sneak (Vine Stalker Assassin)           Turns: 2014, Time: 00:04:33

Health: -1/26      AC:  3    Str: 14    XL:     5   Next: 25%
Magic:  0/7        EV: 11    Int: 11    God:
Gold:   94         SH:  0    Dex: 16    Spells: 0 memorised, 4 levels left

rFire  . . .     SeeInvis .     a - +2 dagger
rCold  . . .     Clarity  .     c - +0 robe
rNeg   . . .     SustAb   .     (no shield)
rPois  .         Gourm    .     (no helmet)
rElec  .         Spirit   +     d - +0 cloak
rCorr  .         Warding  .     (no gloves)
rMut   .         Stasis   .     (no boots)
MR     .....                    (no amulet)
Stlth  ++++......               (no ring)
                                (no ring)

@: not resistant to hostile enchantments, stealthy
A: fangs 2, regeneration 1, magic shield, antimagic bite, no device heal 3, rot
immunity
a: no special abilities


You were on level 2 of the Dungeon.
You were hungry.

You visited 1 branch of the dungeon, and saw 3 of its levels.

You collected 94 gold pieces.

Inventory:

Hand weapons
 a - a +2 dagger (weapon)
 b - a +0 blowgun
 l - a +0 short sword
Missiles
 e - 8 poisoned needles
 f - 2 curare-tipped needles
Armour
 c - a +0 robe (worn)
 d - a +0 cloak (worn)
Scrolls
 h - 5 scrolls of identify {unknown}
 n - a scroll of noise {unknown}
 o - 2 scrolls of random uselessness {unknown}
 p - a scroll of enchant weapon {unknown}
 q - a scroll of amnesia {unknown}
Comestibles
 g - 2 bread rations
 i - 3 beef jerkies
 j - 3 meat rations
 k - a slice of pizza
 m - 2 fruits


   Skills:
 - Level 1.7 Fighting
 + Level 3.4 Short Blades
 - Level 1.7 Throwing
 - Level 0.7 Dodging
 + Level 6.8 Stealth


You had 4 spell levels left.
You didn't know any spells.

Dungeon Overview and Level Annotations

Branches:
Dungeon (3/15)

Altars:
Elyvilon
Gozag


Innate Abilities, Weirdness & Mutations

You have extremely sharp teeth.
Your natural rate of healing is unusually fast.
When hurt, damage is shared between your health and your magic reserves.
Your bite disrupts and absorbs the magic of your enemies.
Potions and wands cannot restore your health.
You are immune to rotting.


Message History

Magic restored.
There is a stone staircase leading down, spattered with blood here.
You climb downwards.
The orc hits you with a trident!
There is a stone staircase leading up here.
You hit the orc. You bite the orc, but do no damage.
The orc is heavily wounded.
The orc hits you with a trident!
* * * LOW HITPOINT WARNING * * *
You barely miss the orc.
The orc is heavily wounded.
The gnoll hits you from afar with a spear.
* * * LOW HITPOINT WARNING * * *
You hit the orc but do no damage. You bite the orc, but do no damage.
The orc is heavily wounded.
The orc hits you with a trident.
* * * LOW HITPOINT WARNING * * *
You closely miss the orc. You bite the orc, but do no damage.
The orc is heavily wounded.
The gnoll hits you from afar with a spear.
You die...

....#.>...................#######
...##.#)###.####..#.............#
...'...........#..........#####.#
...##......#...##.######.........
...##..#.......##.##...#.#.##.#..
.......#.#.###.##.##.....#.##....
.#.###.#.#.....g..##.....#.###รท.<
.#.#...#.#####.#..##.....#..##...
...##.##.#.....#@#.......#..##...
#####.##.#.##..#o#.#....##...####
#.##.#.#...#.#.#....).(((....
#####....#.#...#.#.#.....###.###.
........##.#####.#.#..........##.
........##.......#.#....###.#.##.
........##########.##...###.#..##
.............# #........#.##.##
.........###'#########<##.#.##.##


You could see a gnoll and an orc.

Vanquished Creatures
  An orc priest (D:3)
  6 adders (D:2)
  A gnoll (D:1)
  A giant gecko (D:2)
  An orc (D:2)
  2 bats (D:1)
  2 giant cockroaches
  5 hobgoblins
  4 giant newts
  7 goblins
  9 jackals
  5 kobolds
  13 rats
57 creatures vanquished.

Notes
Turn   | Place    | Note
--------------------------------------------------------------
     0 | D:1      | Kloppie, the Vine Stalker Assassin, began the quest for the Orb.
     0 | D:1      | Reached XP level 1. HP: 11/11 MP: 1/1
    37 | D:1      | Reached skill level 5 in Stealth
   109 | D:1      | Reached XP level 2. HP: 15/15 MP: 0/3
   650 | D:2      | Found a white marble altar of Elyvilon.
   662 | D:2      | Reached XP level 3. HP: 18/18 MP: 4/4
   824 | D:2      | Found an opulent altar of Gozag.
   946 | D:2      | Reached XP level 4. HP: 23/23 MP: 5/5
  1033 | D:2      | Reached skill level 6 in Stealth
  1320 | D:2      | Found a white marble altar of Elyvilon.
  1568 | D:3      | Reached XP level 5. HP: 6/26 MP: 4/7
  2014 | D:2      | Slain by a gnoll

Action                   |  1- 3 |  4- 6 || total
-------------------------+-------+-------++-------
Melee: Dagger            |   105 |    79 ||   184
 Stab: Sleeping          |     4 |     5 ||     9
       Distracted        |       |     1 ||     1
  Eat: Chunk             |       |     3 ||     3
